 Dungeon Crawl Stone Soup version 0.19-a0-1879-gd95bc26 (webtiles) character file.

2191 Grim the Grappler (level 9, -9/43 HPs)
             Began as a Vine Stalker Berserker on Oct 14, 2016.
             Was a Priest of Trog.
             Mangled by a wight
             ... wielding a +3 flail of freezing
              (12 damage)
             ... on level 6 of the Dungeon.
             The game lasted 00:12:06 (5091 turns).

Grim the Grappler (Vine Stalker Berserker)          Turns: 5091, Time: 00:12:07

Health: -9/43      AC:  3    Str: 19    XL:     9   Next: 33%
Magic:  0/10       EV: 12    Int:  8    God:    Trog [***...]
Gold:   344        SH:  0    Dex: 17    Spells: 0 memorised, 8 levels left

rFire  . . .     SeeInvis .       - Unarmed
rCold  . . .     Gourm    .     a - +0 animal skin
rNeg   . . .     Faith    .     (no shield)
rPois  +         Spirit   +     (no helmet)
rElec  .         Dismiss  .     t - +0 cloak
rCorr  .         Reflect  .     (no gloves)
MR     +....     Harm     +     (no boots)
Stlth  ++........               k - amulet of harm
                                (no ring)
                                p - ring of poison resistance

@: exhausted, slowed, drained, very slow
A: fangs 3, regeneration 1, magic shield, antimagic bite, no device heal 3, rot
immunity
a: Berserk, Trog's Hand, Burn Spellbooks, Renounce Religion


You were on level 6 of the Dungeon.
You worshipped Trog.
Trog was most pleased with you.
You were not hungry.

You visited 1 branch of the dungeon, and saw 6 of its levels.

You collected 344 gold pieces.

Inventory:

Armour
 a - a +0 animal skin (worn)
 t - a +0 cloak (worn)
Jewellery
 k - an amulet of harm (around neck)
 p - a ring of poison resistance (left hand)
Wands
 j - a wand of acid (4/15)
 n - a wand of flame (41/48)
Scrolls
 c - a scroll of fog
 d - a scroll of silence {unknown}
 f - a scroll of random uselessness {unknown}
 o - 2 scrolls of enchant weapon
 r - a scroll of magic mapping {unknown}
 w - a scroll of enchant armour {unknown}
Potions
 e - 3 potions of curing
 g - a potion of degeneration {unknown}
 h - a potion of heal wounds {unknown}
 m - a potion of haste {unknown}
 s - a potion of resistance {unknown}
 v - a potion of magic {unknown}
Books
 l - a book of Callings

   Spells                             Type                      Level
   a - Summon Small Mammal            Summoning                    1
   b - Call Imp                       Summoning                    2
   c - Call Canine Familiar           Summoning                    3
   d - Summon Guardian Golem          Hexes/Summoning              3
   e - Summon Lightning Spire         Summoning/Air                4
   f - Summon Ice Beast               Ice/Summoning                4
   Trog disapproves of the use of such an item.
Comestibles
 b - 4 bread rations
 i - a royal jelly
 q - 2 beef jerkies
 u - a meat ration


   Skills:
 - Level 2.6(2.2) Fighting
 - Level 1.5(1.1) Armour
 - Level 1.5(1.1) Dodging
 + Level 12.2(11.6) Unarmed Combat


You had 8 spell levels left.
You didn't know any spells.

Dungeon Overview and Level Annotations

Branches:
Dungeon (6/15)
 Temple: D:4-7

Altars:
Ashenzari
Dithmenos
Okawaru

Shops:
D:4 *!?*


Innate Abilities, Weirdness & Mutations

You have razor-sharp teeth.
Your natural rate of healing is unusually fast.
When hurt, damage is shared between your health and your magic reserves.
Your bite disrupts and absorbs the magic of your enemies.
Potions and wands cannot restore your health.
You are immune to rotting.


Message History

You destroy the wight!
Trog accepts your kill.
A wight comes into view. It is wielding a scimitar of freezing.
You are too injured to fight recklessly!
A wight comes into view. It is wielding a flail of freezing.
The wight hits you with a scimitar of freezing!
* * * LOW HITPOINT WARNING * * *
The wight freezes you.
* * * LOW HITPOINT WARNING * * *
You pummel the wight!!
You destroy the wight!
Trog accepts your kill.
Things that are here:
a scimitar of freezing; a robe You feel a strong urge to attack something.
You are no longer berserk.
You are exhausted.
You feel yourself slow down.
The wight hits you with a flail of freezing!
You die...

..#####)###.##.#.#####
...........##.........
.######...###.##.##### #
#...###.†..# ##
##.######...##.###.####.
#.......))).#.## ##.....
.....####....## ##.##.
#..#....)....# #....
#.....z@...#.# ##.###
#.##...##...#.# #.## #
#.......###.# #.## #
.........# #...# #
...).......# #... .
...........# ### #
#.##... ..# #. #...#...#
........#


You could see a wight.

Vanquished Creatures
  The ghost of GsBirdie the Cleaver, a novice MiBe of Trog (D:5)
  The ghost of Tekks the Slasher, an amateur MiFi (D:4)
  Menkaure (D:4)
  4 phantoms
  2 ogres
  A centaur (D:5)
  2 bullfrogs (D:6)
  9 wights (D:6)
  A crimson imp (D:5)
  A bullfrog zombie (D:3)
  2 orc priests
  A centaur skeleton (D:4)
  3 orc wizards
  An iguana (D:4)
  2 worker ants
  A howler monkey skeleton (D:5)
  5 adders
  A dart slug (D:1)
  6 worms
  A leopard gecko (D:2)
  4 orcs
  2 ball pythons
  4 bats (D:1)
  5 giant cockroaches
  12 hobgoblins
  8 jackals
  7 kobolds
  4 frilled lizards
  9 goblins
  A jackal skeleton (D:6)
  2 rats
104 creatures vanquished.

Vanquished Creatures (others)
  7 fungi (D:6)
  3 plants (D:6)
10 creatures vanquished.

Grand Total: 114 creatures vanquished

Notes
Turn   | Place    | Note
-------+----------+-------------------------------------------
     0 | D:1      | Grim the Vine Stalker Berserker began the quest for the Orb.
     0 | D:1      | Reached XP level 1. HP: 11/11 MP: 2/2
   233 | D:1      | Reached XP level 2. HP: 16/16 MP: 3/3
   556 | D:1      | Reached skill level 4 in Unarmed Combat
   615 | D:1      | Reached XP level 3. HP: 9/19 MP: 1/4
  1221 | D:2      | Reached ** piety under Trog
  1622 | D:2      | Gained mutation: Your natural rate of healing is unusually fast. [Vine Stalker growth]
  1622 | D:2      | Reached XP level 4. HP: 20/23 MP: 5/5
  1724 | D:2      | Found an iron altar of Okawaru.
  1888 | D:2      | Reached skill level 5 in Unarmed Combat
  2296 | D:3      | Reached XP level 5. HP: 27/27 MP: 6/6
  3108 | D:4      | Found Doiwn's General Store.
  3120 | D:4      | Noticed Tekks's ghost (amateur MiFi)
  3130 | D:4      | Killed Tekks's ghost
  3130 | D:4      | Reached skill level 7 in Unarmed Combat
  3130 | D:4      | Reached XP level 6. HP: 30/32 MP: 7/7
  3166 | D:4      | Found a shattered altar of Ashenzari.
  3186 | D:4      | Found Jiclall's Gadget Shop.
  3246 | D:4      | Noticed a phantom
  3253 | D:4      | Killed a phantom
  3253 | D:4      | Reached XP level 7. HP: 35/35 MP: 8/8
  3256 | D:4      | Reached skill level 8 in Unarmed Combat
  3657 | D:4      | Found Noschook's Distillery.
  3734 | D:4      | Found Urchef's Assorted Antiques.
  3820 | D:4      | Reached skill level 9 in Unarmed Combat
  3883 | D:4      | Noticed Menkaure
  3890 | D:4      | HP: 1/35 [Menkaure (17)]
  3893 | D:4      | Killed Menkaure
  3893 | D:4      | Gained mutation: You have razor-sharp teeth. [Vine Stalker growth]
  3893 | D:4      | Reached XP level 8. HP: 2/39 MP: 0/9
  4017 | D:4      | Found Qaockula's Magic Scroll Shop.
  4135 | D:5      | Entered Level 5 of the Dungeon
  4178 | D:5      | Found a shadowy altar of Dithmenos.
  4322 | D:5      | Reached skill level 10 in Unarmed Combat
  4494 | D:5      | Noticed GsBirdie's ghost (novice MiBe)
  4500 | D:5      | Killed GsBirdie's ghost
  4500 | D:5      | Reached skill level 11 in Unarmed Combat
  4874 | D:6      | Reached XP level 9. HP: 39/43 MP: 8/10
  4908 | D:6      | Reached *** piety under Trog
  5083 | D:6      | Reached skill level 12 in Unarmed Combat
  5088 | D:6      | HP: 3/64 [wight/scimitar of freezing (2)]
  5091 | D:6      | Mangled by a wight

Vault maps used:
D:1:      dpeg_arrival_simpleton_a
D:2:      first_bread, kennysheep_okawaru_gauntlet
D:3:      lemuel_upstairs_altar
D:4:      serial_shops, shop, nicolae_shop_crystal, shop, shop,
          nicolae_shop_behind_doors, cheibrodos_ashenzari_chains, uniq_menkaure
D:5:      lemuel_doored_altar
D:6:      fedhas_altar_3

Skill      XL: |  1  2  3  4  5  6  7  8  9 |
---------------+----------------------------+-----
Unarmed Combat | 4 5 7 9 11 12 | 12.2
Fighting       | |  2.6
Armour         | |  1.5
Dodging        | |  1.5

Action                   |  1- 3 |  4- 6 |  7- 9 || total
-------------------------+-------+-------+-------++-------
Melee: Unarmed           |   109 |    95 |   141 ||   345
       Bite              |    28 |    35 |    44 ||   107
       Punch             |     4 |     3 |     8 ||    15
Invok: Berserk           |       |     2 |     4 ||     6
       Trog's Hand       |       |       |     2 ||     2
  Use: Scroll            |       |       |     8 ||     8
 Stab: Sleeping          |       |     1 |     1 ||     2
  Eat: Chunk             |     1 |     3 |     2 ||     6
       Royal jelly       |       |     2 |       ||     2
       Bread ration      |       |       |     1 ||     1
       Meat ration       |       |       |     1 ||     1
Armor: Animal skin       |    19 |     6 |     7 ||    32
Dodge: Dodged            |    52 |    41 |    59 ||   152
